 Dungeon Crawl Stone Soup version 0.26.1-2-gb8aa6d0cf2 (webtiles) character file.

Game seed: 15700275436059677939

91 olmar the Shield-Bearer (level 4, -1/42 HPs)
             Began as a Deep Dwarf Fighter on Mar 25, 2021.
             Slain by an ogre
             ... wielding a +0 giant spiked club
              (21 damage)
             ... on level 4 of the Dungeon.
             The game lasted 00:02:57 (1604 turns).

olmar the Shield-Bearer (Deep Dwarf Fighter)        Turns: 1604, Time: 00:02:57

Health: -1/42      AC: 10    Str: 20    XL:     4   Next: 33%
Magic:  4/4        EV:  5    Int:  9    God:
Gold:   186        SH:  9    Dex: 12    Spells: 3/3 levels left

rFire    . . .     SeeInvis .   x - +1 hand axe (vamp)
rCold    . . .     Faith    .   c - +0 kite shield
rNeg     . . .     Spirit   .   w - +0 chain mail
rPois    .         Reflect  .   (no helmet)
rElec    .         Harm     .   u - +0 cloak
rCorr    .         Rampage  .   (no gloves)
Will     .....                  (no boots)
Stlth    ..........             (no amulet)
HPRegen  0.00/turn              n - ring of flight (curse)
MPRegen  0.09/turn              (no ring)

@: mighty, non-regenerating
A: damage resistance, heal wounds, sense surroundings 1, no regeneration
a: Heal Wounds, Evoke Flight


You were on level 4 of the Dungeon.
You visited 1 branch of the dungeon, and saw 4 of its levels.

You collected 186 gold pieces.

Inventory:

Hand Weapons
 a - a +0 war axe
 o - a +0 dagger
 x - a +1 vampiric hand axe (weapon)
Armour
 b - a +0 scale mail
 c - a +0 kite shield (worn)
 u - a +0 cloak (worn)
 w - a +0 chain mail (worn)
Jewellery
 n - a cursed ring of flight (left hand)
 q - an uncursed ring of protection from fire
Scrolls
 h - a scroll of fear
 i - a scroll of blinking {unknown}
 k - 3 scrolls of amnesia {unknown}
 l - 4 scrolls of identify {unknown}
 p - 2 scrolls of remove curse {unknown}
 s - a scroll of teleportation {unknown}
 v - a scroll of magic mapping {unknown}
 y - a scroll of enchant weapon {unknown}
Potions
 e - 3 potions of curing {unknown}
 f - a potion of mutation {unknown}
 g - 2 potions of magic {unknown}
 j - 2 potions of attraction {unknown}
 m - 2 potions of berserk rage {unknown}
 r - a potion of haste {unknown}
 t - a potion of heal wounds {unknown}


   Skills:
 + Level 3.1 Fighting
 + Level 3.7 Axes
 + Level 3.7 Armour
 - Level 0.5 Dodging
 + Level 3.9 Shields


You had 3 spell levels left.
You didn't know any spells.
Your spell library was empty.

Dungeon Overview and Level Annotations

Branches:
Dungeon (4/15)
 Temple: D:4-7

Altars:


Innate Abilities, Weirdness & Mutations

You are resistant to damage.
You can heal yourself by infusing magical energy.
You passively map a small area around you.
You do not regenerate.


Message History

You hit the ogre.
You feel better.
The ogre is heavily wounded.
You completely miss the orc.
The ogre hits you with a +0 giant spiked club!
You block the orc's attack.
Unknown command.
You closely miss the ogre.
The ogre is heavily wounded.
You barely miss the orc.
Your shield prevents you from hitting the scorpion.
You block the ogre's attack. The scorpion stings you!
You are too injured to fight recklessly!
Unknown command.
You are too injured to fight recklessly!
Unknown command.
You feel very mighty all of a sudden. The orc hits you but does no damage.
The scorpion stings you.
The ogre hits you with a +0 giant spiked club!!
Ouch! That really hurt!
You die...

, ≈ #≈ , #
#####.### .. ,
........# ...
#.......# ....
#........
.....###........
, #.Z.#........
,, , *
#ooo..####.* , *
##O@..# , *
#.s##...#* *, ,
...... ##.... *
* ........ *##..
......... * . ,
,......... * , ,
.#<#.....#
#..... , * * * *
, ,


You could see an ogre, a scorpion, 3 orcs and an adder skeleton.

Vanquished Creatures
  2 adders
  An ooze (D:1)
  4 worms
  A dart slug (D:2)
  A leopard gecko (D:1)
  An orc (D:3)
  3 giant cockroaches
  7 goblins
  3 hobgoblins
  8 jackals
  2 quokkas (D:2)
  6 bats
  4 frilled lizards
  4 kobolds (D:2)
  2 rats
49 creatures vanquished.

Notes
Turn   | Place    | Note
-------+----------+-------------------------------------------
     0 | D:1      | olmar the Deep Dwarf Fighter began the quest for the Orb.
     0 | D:1      | Reached XP level 1. HP: 20/20 MP: 1/1
   172 | D:1      | Reached XP level 2. HP: 27/27 MP: 2/2
   889 | D:2      | Reached XP level 3. HP: 32/34 MP: 3/3
  1194 | D:2      | Reached XP level 4. HP: 21/42 MP: 4/4
  1592 | D:4      | Noticed an ogre
  1604 | D:4      | Slain by an ogre

Illustrated notes

Levels and vault maps discovered:
D:1:      amcnicky_arrival_gap_in_the_tavern_cellar, layout_loops_ring
D:2:      layout_basic, moated_statue, minmay_tetromino_t4
D:3:      layout_rooms
D:4:      layout_rooms, tso_metal_star, gup_sewer_entry_spiral,
          kennysheep_path_1

Skill      XL: |  1  2  3 |
---------------+----------+-----
Fighting       | 3 |  3.1
Axes           | 3 |  3.7
Armour         | |  3.7
Dodging        | |  0.5
Shields        | |  3.9

Action                   |  1- 3 |  4- 6 || total
-------------------------+-------+-------++-------
Melee: War axe           |   130 |    15 ||   145
       Hand axe          |       |     8 ||     8
 Abil: Heal Wounds       |       |     1 ||     1
  Use: Scroll            |       |     1 ||     1
       Potion            |       |     1 ||     1
Armor: Scale mail        |    67 |     2 ||    69
       Chain mail        |       |     7 ||     7
Dodge: Dodged            |    47 |     2 ||    49
Block: Kite shield       |    76 |    16 ||    92
